 Dungeon Crawl Stone Soup version 0.29.0-5-ge4962eb29e (webtiles) character file.

Game seed: 1176819685648922785

981 mdonais the Ruffian (level 7, 0/72 HPs)
             Began as a Troll Cinder Acolyte on Aug 29, 2022.
             Was a High Priest of Ignis.
             Slain by Maggie
             ... wielding a +1 long sword of flaming
              (14 damage)
             ... on level 6 of the Dungeon.
             The game lasted 00:06:07 (4603 turns).

mdonais the Ruffian (Troll Cinder Acolyte)          Turns: 4603, Time: 00:06:08

Health: 0/72       AC:  6    Str: 25    XL:     7   Next: 96%
Magic:  7/7        EV:  9    Int: 10    God:    Ignis [*****.]
Gold:   190        SH:  0    Dex:  5    Spells: 6/8 levels left

rFire   + . .      SeeInvis .     - Unarmed
rCold   . . .      Faith    .   (no shield)
rNeg    . . .      Spirit   .   n - +2 robe {Archmagi}
rPois   .          Reflect  .   (helmet restricted)
rElec   .          Harm     .   (no cloak)
rCorr   .          Rampage  .   (gloves unavailable)
Will    .....      Archmagi +   (boots unavailable)
Stlth   +.........              (no amulet)
HPRegen 1.02/turn               b - ring of flight
MPRegen 0.10/turn               (no ring)

@: flying, mesmerised, invisible
A: large, unfitting armour, claws 3, regeneration 1, shaggy fur 1, tough skin 1
a: Renounce Religion, Fiery Armour, Foxfire Swarm, Rising Flame


You were on level 6 of the Dungeon.
You worshipped Ignis.
Ignis was extremely pleased with you.
You visited 1 branch of the dungeon, and saw 6 of its levels.

You collected 285 gold pieces.
You spent 95 gold pieces at shops.

Inventory:

Missiles
 j - 74 stones (quivered)
 t - 3 boomerangs
 v - 2 javelins
Armour
 m - a +0 tower shield
   (You found it on level 4 of the Dungeon)
 n - a +2 robe of the Archmagi (worn)
   (You found it on level 2 of the Dungeon)
Jewellery
 b - a ring of flight (left claw)
   (You found it on level 1 of the Dungeon)
 c - a ring of protection from cold
   (You found it on level 2 of the Dungeon)
 g - a ring of fire
   (You found it on level 1 of the Dungeon)
Wands
 I - a wand of iceblast (7)
   (You found it on level 4 of the Dungeon)
Scrolls
 e - a scroll of amnesia
 f - 2 scrolls of butterflies {unknown}
 h - 2 scrolls of immolation
 k - 3 scrolls of magic mapping {unknown}
 p - a scroll of poison
 r - a scroll of noise
 w - a scroll of enchant weapon {unknown}
 B - 3 scrolls of blinking
 T - 3 scrolls of teleportation
Potions
 a - a potion of mutation {unknown}
 d - 3 potions of haste {unknown}
 i - 2 potions of invisibility
 l - 2 potions of lignification {unknown}
 o - a potion of flight {unknown}
 q - 3 potions of curing {unknown}
 s - a potion of cancellation {unknown}
 u - 3 potions of ambrosia {unknown}
 x - a potion of brilliance {unknown}
 z - a potion of might {unknown}


   Skills:
 + Level 5.2 Fighting
 * Level 7.9 Unarmed Combat
 - Level 1.0 Spellcasting
 - Level 2.1 Fire Magic


You had 6 spell levels left.
You knew the following spells:

 Your Spells              Type           Power      Damage    Failure   Level
a - Scorch                Fire           14%        2d5       22%         2

Your spell library contained the following spells:

 Spells                   Type           Power      Damage    Failure   Level
 Corpse Rot               Necr/Pois/Air  0%         N/A       98%         4
 Dispel Undead            Necr           0%         3d6       98%         4
 Iskenderun's Battlesphe  Conj           0%         2d6       100%        5
 Death Channel            Necr           0%         N/A       100%        6
 Iron Shot                Conj/Erth      0%         9d1       100%        6
 Spellforged Servitor     Conj/Summ      0%         N/A       100%        7


Dungeon Overview and Level Annotations

Branches:
Dungeon (6/15) Zot: 26282  Temple (0/1) D:6

Altars:
Cheibriados
Elyvilon
Kikubaaqudgha
Makhleb
Nemelex Xobeh
Vehumet
Zin

Shops:
D:5 ?

Annotations:
D:6 Maggie


Innate Abilities, Weirdness & Mutations

You are too large for most types of armour.
You have claws for hands.
Your natural rate of healing is unusually fast.
You are covered in fur. (AC +1)
You have tough skin. (AC +1)


Message History

No target in view!
j - 74 stones (gained 8) Health restored: 72 Key pressed, stopping explore.
You see here the +1 leather armour of a bailey {rN+++ Regen+ Str-3 Int-5}.
There is an open door here.
You reach down and open the door.
There is an open door here.
You reach down and open the door.
There is an open door here.
You reach down and open the door.
There is an open door here.
There is a stone staircase leading up here.
A white imp comes into view.
The white imp shouts!
A white imp is nearby!
The white imp gestures at you. The puff of frost hits you.
You take 5 damage, and have 67/72 hp.
You claw the white imp!
You kill the white imp!
No target in view!
No target in view!
No target in view!
No target in view!
No target in view!
No target in view!
No target in view!
No target in view!
No target in view!
No target in view!
No target in view!
No target in view!
No target in view!
No target in view!
No target in view!
You now have 180 gold pieces (gained 7).
You reach down and open the door.
Found a staircase to the Ecumenical Temple.
Health restored: 72
There is an open door here.
You reach down and open the door.
There is an open door here.
You now have 190 gold pieces (gained 10).
There is a stone staircase leading down here.
f - 2 scrolls labelled CUWOTR WUMOIRR (gained 1)
You reach down and open the door.
There is an open door here.
There is an open door here.
Menkaure, Prince of Dust comes into view.
Menkaure shouts!
You mangle Menkaure!!
Menkaure is almost destroyed.
Menkaure mumbles, "Let me perform the rites..."
Menkaure gestures wildly while chanting.
Menkaure seems to speed up.
You scratch Menkaure.
You destroy Menkaure!
No target in view!
No target in view!
No target in view!
No target in view!
No target in view!
No target in view!
No target in view!
No target in view!
No target in view!
No target in view!
No target in view!
No target in view!
Key pressed, stopping explore.
Maggie the Vainglorious comes into view.
She is wielding a +1 long sword of flaming and carrying a wand of iceblast (5).
Maggie shouts!
You hear a shout! x2; You hear a bark!
Maggie points at you and mumbles some strange words.
The bolt of fire misses you.
The tree burns like a torch!
Maggie zaps a wand.
The mass of ice explodes!
The iceblast engulfs you!
A lemure comes into view.
You hear a shout! x3
You take 11 damage, and have 61/72 hp.
A hound comes into view.
The hound barks!
A lemure comes into view.
Maggie hits you with a +1 long sword of flaming!
Maggie burns you.
You take 16 damage, and have 45/72 hp.
MASSIVE DAMAGE!!
You claw Maggie!
Maggie is lightly wounded.
Maggie hits you with a +1 long sword of flaming!
Maggie burns you.
You take 10 damage, and have 35/72 hp.
You are too injured to fight recklessly!
You are too injured to fight recklessly!
You are too injured to fight recklessly!
Okay, then.
Maggie mumbles the words to a spell, but in the wrong order.
The forest fire spreads!
Maggie gestures wildly while chanting.
Maggie attempts to bespell you!
You are mesmerised by Maggie!
Okay, then.
Press: ? - help, v - describe, . - travel
Here: Maggie, wielding a +1 long sword of flaming, wearing +0 steam dragon scales and carrying a wand of iceblast (4) (lightly wounded, mesmerising)
The floor, spattered with blood.
Activating: Foxfire Swarm
Press: ? - help, Dir - look around, f - activate Flames leap up around you!
The foxfire hits Maggie.
Maggie is moderately wounded.
You scratch Maggie but do no damage.
Maggie is moderately wounded.
The foxfire hits Maggie but does no damage.
Maggie is moderately wounded.
The foxfire hits Maggie.
Maggie is moderately wounded.
The foxfire hits Maggie but does no damage.
Maggie is moderately wounded.
The foxfire hits Maggie but does no damage.
Maggie is moderately wounded.
You scratch Maggie but do no damage.
Maggie is moderately wounded.
The foxfire hits Maggie but does no damage.
Maggie is moderately wounded.
The foxfire hits Maggie.
Maggie is moderately wounded.
The foxfire hits Maggie.
Maggie is moderately wounded.
Maggie hits you with a +1 long sword of flaming!
Maggie burns you.
You take 9 damage, and have 30/72 hp.
You barely miss Maggie.
Maggie is moderately wounded.
Maggie hits you with a +1 long sword of flaming.
Maggie burns you.
You take 6 damage, and have 24/72 hp.
You closely miss Maggie.
Maggie is moderately wounded.
Maggie casts a spell at you. The bolt of fire hits you! You resist.
* * * LOW HITPOINT WARNING * * *
You take 7 damage, and have 17/72 hp.
You closely miss Maggie.
Maggie is moderately wounded.
You fade into invisibility!
Maggie hits you with a +1 long sword of flaming.
* * * LOW HITPOINT WARNING * * *
You take 5 damage, and have 13/72 hp.
You barely miss Maggie.
Maggie is moderately wounded.
Maggie hits you with a +1 long sword of flaming!
You die...

##.# #.#.#.#
#########
##..###.#.#.#
#.......#.#.#
#..♣♣♣..#.#.# #.♣
#♣...# #. ♣...# #
###♣.#.#
#...♣§§..#.#
#...§§§.@#..
#....###@#######.
#### #5h..5h.5.
#########.


You could see Maggie (mesmerising, unable to see you), a lemure (unable to see
you) and a hound.

Vanquished Creatures
  Grinder (D:6)
  Menkaure (D:6)
  A water moccasin (D:5)
  A phantom (D:5)
  A bullfrog (D:6)
  A gnoll bouda (D:5)
  2 iguanas
  3 orc wizards (D:5)
  8 adders
  8 gnolls
  2 white imps (D:6)
  An ufetubus (D:6)
  3 worms
  2 dart slugs
  7 orcs
  6 ball pythons
  10 bats
  4 endoplasms
  3 giant cockroaches
  7 goblins
  11 hobgoblins
  6 quokkas
  3 frilled lizards
  5 kobolds
  9 rats
106 creatures vanquished.

Vanquished Creatures (others)
  7 foxfires (D:6)
7 creatures vanquished.

Grand Total: 113 creatures vanquished

Notes
Turn   | Place    | Note
-------+----------+-------------------------------------------
     0 | D:1      | mdonais the Troll Cinder Acolyte began the quest for the
                  | Orb.
     0 | D:1      | Reached XP level 1. HP: 22/22 MP: 1/1
   142 | D:1      | Reached XP level 2. HP: 29/29 MP: 2/2
   429 | D:1      | Reached XP level 3. HP: 37/37 MP: 3/3
  1024 | D:2      | Reached skill level 4 in Unarmed Combat
  1173 | D:2      | Reached XP level 4. HP: 45/45 MP: 4/4
  1197 | D:2      | Found a faded altar of an unknown god.
  1314 | D:2      | Learned a level 2 spell: Scorch
  1898 | D:3      | Found a radiant altar of Vehumet.
  2459 | D:4      | Found a sparkling altar of Nemelex Xobeh.
  2825 | D:4      | Reached XP level 5. HP: 49/54 MP: 5/5
  3030 | D:5      | Entered Level 5 of the Dungeon
  3030 | D:5      | Noticed a phantom
  3035 | D:5      | Killed a phantom
  3036 | D:5      | Reached skill level 5 in Unarmed Combat
  3038 | D:5      | Noticed a water moccasin
  3043 | D:5      | Killed a water moccasin
  3044 | D:5      | Reached XP level 6. HP: 56/62 MP: 6/6
  3074 | D:5      | Found a glowing silver altar of Zin.
  3091 | D:5      | Found Birapt's Magic Scroll Shop.
  3095 | D:5      | Bought a scroll of identify for 20 gold pieces
  3095 | D:5      | Bought a scroll of blinking for 75 gold pieces
  3330 | D:5      | Reached skill level 6 in Unarmed Combat
  3368 | D:5      | Found a white marble altar of Elyvilon.
  3784 | D:5      | Reached XP level 7. HP: 71/71 MP: 7/7
  3913 | D:6      | Found an ancient bone altar of Kikubaaqudgha.
  3918 | D:6      | Found a snail-covered altar of Cheibriados.
  3966 | D:6      | Found a burning altar of Makhleb.
  3976 | D:6      | Noticed Grinder
  3985 | D:6      | Paralysed by Grinder for 4 turns
  3997 | D:6      | Killed Grinder
  3998 | D:6      | Reached skill level 5 in Fighting
  3998 | D:6      | Reached skill level 7 in Unarmed Combat
  4168 | D:6      | Identified the +1 leather armour of a bailey {rN+++ Regen+
                  | Str-3 Int-5}
  4306 | D:6      | Found a staircase to the Ecumenical Temple.
  4463 | D:6      | Noticed Menkaure
  4468 | D:6      | Killed Menkaure
  4590 | D:6      | Noticed Maggie
  4603 | D:6      | Slain by Maggie

Illustrated notes

Levels and vault maps discovered:
D:1:      ebering_trefoil_3fold, layout_basic
D:2:      layout_loops_ring, chequers_ecumenical_altar_island
D:3:      layout_basic, nicolae_vehumet_altar_sigil
D:4:      layout_basic, nemelex_altar_shiori, kennysheep_flooded_box
D:5:      layout_basic, lemuel_tele_altar, elyvilon_altar_3, serial_shops, shop,
          kennysheep_cluttered_room
D:6:      layout_basic, jmf_multi_god_temple,
          mainiacjoe_overflow_six_doors_small, temple_green,
          minmay_stone_trees_small, lemuel_flamethrower_2, uniq_pikel,
          uniq_maggie, uniq_sigmund, uniq_menkaure, uniq_grinder

Skill      XL: |  1  2  3  4  5  6  7 |
---------------+----------------------+-----
Fighting       | 3 4 5 |  5.2
Unarmed Combat | 4 5 6 7 |  7.9
Spellcasting   | |  1.0
Fire Magic     | |  2.1

Action                   |  1- 3 |  4- 6 |  7- 9 || total
-------------------------+-------+-------+-------++-------
Melee: Unarmed           |   146 |   143 |    39 ||   328
       Punch             |     3 |     2 |     1 ||     6
Invok: Foxfire Swarm     |       |       |     1 ||     1
  Use: Scroll            |       |     6 |       ||     6
       Potion            |       |       |     1 ||     1
Armor: Robe              |    79 |    58 |    15 ||   152
Dodge: Dodged            |    73 |    65 |    19 ||   157
